 Dungeon Crawl Stone Soup version 0.25.0-26-g0c896c7088 (webtiles) character file.

Game seed: 17185367974986508283

60 lepoulpe303 the Bolt Thrower (level 4, -2/27 HPs)
             Began as a Kobold Hunter on June 30, 2020.
             Killed from afar by Natasha (5 damage)
             ... with a magic dart
             ... on level 2 of the Dungeon.
             The game lasted 00:04:29 (1919 turns).

lepoulpe303 the Bolt Thrower (Kobold Hunter)        Turns: 1919, Time: 00:04:30

Health: -2/27      AC:  6    Str: 10    XL:     4   Next: 25%
Magic:  4/4        EV: 14    Int: 12    God:
Gold:   38         SH:  0    Dex: 15    Spells: 3/3 levels left

rFire    . . .     SeeInvis .   b - +0 short sword
rCold    . . .     Gourm    .   (shield restricted)
rNeg     . . .     Faith    .   s - +0 ring mail
rPois    .         Spirit   .   (no helmet)
rElec    .         Reflect  .   (no cloak)
rCorr    .         Harm     .   n - +0 pair of gloves
MR       .....                  (no boots)
Stlth    +.........             (no amulet)
HPRegen  0.09/turn              (no ring)
MPRegen  0.09/turn              (no ring)

@: hasted and slowed
A: small, carnivore
a: no special abilities


You were on level 2 of the Dungeon.
You were very full.

You visited 1 branch of the dungeon, and saw 2 of its levels.

You collected 38 gold pieces.

Inventory:

Hand Weapons
 a - a +1 hand crossbow
 b - a +0 short sword (weapon)
Missiles
 o - 14 poisoned darts (quivered)
 Q - 11 bolts
Armour
 c - a +0 leather armour
 n - a +0 pair of gloves (worn)
 s - a +0 ring mail (worn)
Jewellery
 d - an uncursed ring of fire {unknown}
 h - an uncursed ring of protection from cold {unknown}
Scrolls
 k - 2 scrolls of identify {unknown}
 l - a scroll of fog {unknown}
 m - a scroll of teleportation {unknown}
 p - a scroll of remove curse {unknown}
 r - a scroll of amnesia {unknown}
Potions
 f - a potion of lignification {unknown}
 g - a potion of resistance {unknown}
 i - a potion of stabbing {unknown}
Comestibles
 e - 7 rations


   Skills:
 + Level 2.8 Fighting
 + Level 1.8 Short Blades
 * Level 5.6 Crossbows
 + Level 3.1 Dodging
 - Level 1.3 Stealth


You had 3 spell levels left.
You didn't know any spells.
Your spell library was empty.

Dungeon Overview and Level Annotations

Branches:
Dungeon (2/15)

Altars:
Kikubaaqudgha
Ru
Wu Jian

Annotations:
D:2 Natasha


Innate Abilities, Weirdness & Mutations

You are small and have problems with some larger weapons.
You are carnivorous and can eat meat at any time.


Message History

MASSIVE DAMAGE!!
You see here a +0 short sword.
You barely miss Natasha. Natasha misses you. x2
You closely miss Natasha. Natasha claws you.
* * * LOW HITPOINT WARNING * * *
You take 4 damage, and have 11/27 hp.
Throwing (i - inventory)
o - 15 poisoned darts (quivered)
Aim: Natasha You throw a poisoned dart.
The poisoned dart closely misses Natasha.
Natasha stares at you and mumbles some strange words.
The magic dart hits you!
* * * LOW HITPOINT WARNING * * *
Natasha claws you but does no damage.
You take 9 damage, and have 2/27 hp.
MASSIVE DAMAGE!!
It was a potion of haste.
You feel yourself speed up. Natasha casts a spell at you.
The magic dart hits you.
You die...

#.##.#### ##................
#.<.....###.....###.########
#.##.##.##<#.#..###.#
#.##..............).####..
#.########.#.#...........#
#.# ################# #.#
#..(...... #.# ###h..#...
#.########.@........
#..........#...#...#
###########.........
#########


You could see Natasha.

Levels and vault maps discovered:
D:1:      dpeg_arrival_rhombus, layout_loops_cross
D:2:      layout_loops_ring, lemuel_coloured_pillars_altar,
          minmay_overflow_temple_star_quad, st_stairs_4, uniq_natasha

Notes
Turn   | Place    | Note
-------+----------+-------------------------------------------
     0 | D:1      | lepoulpe303 the Kobold Hunter began the quest for the Orb.
     0 | D:1      | Reached XP level 1. HP: 12/12 MP: 1/1
    41 | D:1      | Identified a +0 club
    45 | D:1      | Identified a +0 short sword
    93 | D:1      | You fall into a shaft and drop 1 floor!
    96 | D:2      | Identified a +0 short sword
    98 | D:2      | Reached skill level 5 in Crossbows
   102 | D:2      | Reached XP level 2. HP: 15/18 MP: 2/2
   210 | D:2      | Identified a +1 hand crossbow
   256 | D:2      | Found an ancient bone altar of Kikubaaqudgha.
   259 | D:2      | Reached skill level 1 in Short Blades
   426 | D:2      | Found a sacrificial altar of Ru.
   430 | D:2      | Found an ornate altar of the Wu Jian Council.
   447 | D:2      | Identified a +0 dagger
   460 | D:2      | Identified a cursed -2 club
   577 | D:2      | Identified a +0 dagger
   637 | D:2      | Reached XP level 3. HP: 22/22 MP: 3/3
   653 | D:2      | Identified a +0 club
   827 | D:2      | Identified a +0 club
   969 | D:1      | Identified a +0 club
   977 | D:1      | Reached skill level 3 in Dodging
   987 | D:1      | Identified a +0 pair of gloves (You found it on level 1 of
                  | the Dungeon)
  1022 | D:1      | Identified a +0 club
  1083 | D:1      | Identified a +0 club
  1281 | D:1      | Identified a +0 club
  1287 | D:1      | Reached XP level 4. HP: 24/27 MP: 4/4
  1566 | D:1      | Identified a +0 club
  1567 | D:1      | Identified a +0 club
  1715 | D:1      | Identified a +0 ring mail (You found it on level 1 of the
                  | Dungeon)
  1898 | D:2      | Identified a +0 short sword
  1908 | D:2      | Noticed Natasha
  1918 | D:2      | HP: 2/27 [Natasha/magic dart (9)]
  1919 | D:2      | Identified a potion of haste
  1919 | D:2      | Killed from afar by Natasha

Table legend:
 A = Turns spent in this place as a percentage of turns spent in the entire game.
 B = Non-inter-level travel turns spent in this place as a percentage of non-inter-level travel turns spent in the entire game.
 C = Inter-level travel turns spent in this place as a percentage of turns spent in this place.
 D = Turns resting spent in this place as a percentage of non-inter-level travel turns spent in this place.
 E = Turns spent auto-exploring this place as a percentage of non-inter-level travel turns spent in this place.
 F = Non-inter-level travel turns spent in this place divided by the number of levels of this place that you've seen.
                   A       B       C       D       E      F
               +-------+-------+-------+-------+-------+----------------------
         Total | 100.0 | 100.0 |   1.3 |  33.7 |  48.1 | 947.5
       Dungeon | 100.0 | 100.0 |   1.3 |  33.7 |  48.1 | 947.5
               +-------+-------+-------+-------+-------+----------------------

Table legend:
 A = Kills in this place as a percentage of kills in entire the game.
 B = Kills by you in this place as a percentage of kills by you in the entire game.
 C = Kills by friends in this place as a percentage of kills by friends in the entire game.
 D = Other kills in this place as a percentage of other kills in the entire game.
 E = Experience gained in this place as a percentage of experience gained in the entire game.
 F = Experience gained in this place divided by the number of levels of this place that you have seen.
                   A       B       C       D       E      F
               +-------+-------+-------+-------+-------+----------------------
         Total | 100.0 | 100.0 |   N/A |   N/A | 100.0 |  43.5
       Dungeon | 100.0 | 100.0 |   N/A |   N/A | 100.0 |  43.5
               +-------+-------+-------+-------+-------+----------------------

Skill      XL: |  1  2  3 |
---------------+----------+-----
Crossbows      | 5 |  5.6
Short Blades   | 1 |  1.8
Dodging        | 3 |  3.1
Fighting       | |  2.8
Stealth        | |  1.3

Action                   |  1- 3 |  4- 6 || total
-------------------------+-------+-------++-------
Melee: Short sword       |    62 |    33 ||    95
 Fire: Hand crossbow     |    37 |    10 ||    47
Throw: Dart              |       |     5 ||     5
  Use: Potion            |       |     1 ||     1
  Eat: Chunk             |    10 |     1 ||    11
Armor: Leather armour    |    13 |     7 ||    20
       Ring mail         |       |     3 ||     3
Dodge: Dodged            |    56 |    40 ||    96

Vanquished Creatures
  2 worms (D:2)
  A dart slug (D:1)
  A leopard gecko (D:1)
  A giant cockroach (D:2)
  8 hobgoblins
  2 ball pythons
  6 bats
  4 frilled lizards
  10 goblins
  8 kobolds
  7 rats
50 creatures vanquished.
